 Dungeon Crawl Stone Soup version 0.17.1-3-g152610e (webtiles) character file.

152 juanjsm the Stinger (level 5, 0/24 HPs)
             Began as a Spriggan Venom Mage on Apr 8, 2016.
             Succumbed to juanjsm's ghost's sting
             ... on level 4 of the Dungeon.
             The game lasted 00:07:19 (1064 turns).

juanjsm the Stinger (Spriggan Venom Mage)           Turns: 1064, Time: 00:07:19

Health: 0/24       AC:  2    Str:  4    XL:     5   Next: 11%
Magic:  5/11       EV: 19    Int: 17    God:
Gold:   43         SH:  0    Dex: 17    Spells: 3 memorised, 3 levels left

rFire  . . .     SeeInvis +     g - +0 dagger
rCold  . . .     Clarity  .     a - +0 robe
rNeg   . . .     SustAt   .     (shield restricted)
rPois  .         Gourm    .     (helmet restricted)
rElec  .         Spirit   .     (no cloak)
rCorr  .         Warding  .     (gloves unavailable)
rMut   .         Stasis   .     (boots unavailable)
MR     .....                    (no amulet)
Stlth  +++.......               (no ring)
                                (no ring)

@: lethally poisoned (0 -> -33), very quick, not resistant to hostile
enchantments, fairly stealthy
A: unfitting armour, see invisible, herbivore 3, speed 3, slow metabolism 2
a: no special abilities


You were on level 4 of the Dungeon.
You were not hungry.

You visited 1 branch of the dungeon, and saw 5 of its levels.

You collected 43 gold pieces.

Inventory:

Hand Weapons
 g - a +0 dagger (weapon)
Armour
 a - a +0 robe (worn)
Scrolls
 d - a scroll of teleportation {unknown}
 e - a scroll of remove curse {unknown}
 h - 2 scrolls of identify {unknown}
 j - a scroll of immolation {unknown}
Potions
 f - a potion of flight {unknown}
 i - a potion of heal wounds {unknown}
Books
 b - a Young Poisoner's Handbook

   Spells                             Type                      Level
   a - Sting                          Conjuration/Poison           1
   b - Cure Poison                    Poison                       2
   c - Mephitic Cloud                 Conjuration/Poison/Air       3
   d - Olgreb's Toxic Radiance        Poison                       4
   e - Venom Bolt                     Conjuration/Poison           5
Comestibles
 c - 2 bread rations


   Skills:
 + Level 0.2 Short Blades
 + Level 4.0 Dodging
 + Level 3.3 Stealth
 + Level 3.6 Spellcasting
 + Level 1.2 Conjurations
 + Level 0.1 Air Magic
 + Level 5.2 Poison Magic


You had 3 spell levels left.
You knew the following spells:

 Your Spells              Type           Power        Failure   Level  Hunger
a - Sting                 Conj/Pois      ##..         4%          1    None
b - Mephitic Cloud        Conj/Pois/Air  ##......     21%         3    ###....
c - Olgreb's Toxic Radia  Pois           ###.....     21%         4    ####...


Dungeon Overview and Level Annotations

Branches:
Dungeon (5/15)
 Temple: D:4-7

Altars:

Annotations:
D:3 bollicks1999's ghost, amateur MiFi
D:4 scamaz's ghost, amateur TrMo
D:5 juanjsm's ghost, amateur SpVM


Innate Abilities, Weirdness & Mutations

You are tiny and cannot use many weapons and most armour.
You have supernaturally acute eyesight.
You are a herbivore.
You cover ground extremely quickly.
You need consume almost no food.


Message History

Memorise Cure Poison, consuming 2 spell levels and leaving 1?
Your memorisation is interrupted.
You feel sick.
You feel sick.
Juanjsm's ghost says, "The agents of utter destruction are not stopped by death."
You feel sick.
Juanjsm's ghost gestures at you while chanting.
The sting hits you!
You are more poisoned.
* * * LOW HITPOINT WARNING * * *
You feel sick.
There is a stone staircase leading up here.
* * * LOW HITPOINT WARNING * * *
You feel sick.
Juanjsm's ghost gestures at you while chanting.
The sting hits you!
You are more poisoned.
* * * LOW HITPOINT WARNING * * *
You climb upwards.
Level annotation: scamaz's ghost, amateur TrMo You die...

#..#
####
#.....#
#
#.....#
#
#.#####
#.# #..
#.# ###
#.# .<.
#@# #.#
##.#
#..#
#.##
#.#
####
#.#
....
#.#
####
#.# #.


There were no monsters in sight!

Vanquished Creatures
  An ogre (D:4)
  A hound (D:4)
  An orc wizard (D:3)
  An adder (D:4)
  An orc (D:3)
  A goblin (D:2)
  2 hobgoblins (D:1)
  5 bats
  2 giant newts
15 creatures vanquished.

Notes
Turn   | Place    | Note
--------------------------------------------------------------
     0 | D:1      | juanjsm the Spriggan Venom Mage began the quest for the Orb.
     0 | D:1      | Reached XP level 1. HP: 9/9 MP: 5/5
   316 | D:2      | Reached XP level 2. HP: 13/13 MP: 2/6
   399 | D:3      | Noticed bollicks1999's ghost (amateur MiFi)
   428 | D:3      | Reached XP level 3. HP: 11/16 MP: 1/8
   445 | D:3      | Learned a level 3 spell: Mephitic Cloud
   723 | D:4      | Noticed an ogre
   845 | D:4      | Reached XP level 4. HP: 19/21 MP: 2/9
   851 | D:4      | Learned a level 4 spell: Olgreb's Toxic Radiance
   854 | D:4      | Noticed an ogre
   869 | D:4      | Killed an ogre
   869 | D:4      | Reached skill level 1 in Conjurations
   869 | D:4      | Reached skill level 5 in Poison Magic
   869 | D:4      | Reached XP level 5. HP: 22/24 MP: 0/11
   923 | D:4      | Noticed scamaz's ghost (amateur TrMo)
  1030 | D:5      | Entered Level 5 of the Dungeon
  1049 | D:5      | Noticed juanjsm's ghost (amateur SpVM)
  1064 | D:4      | Succumbed to juanjsm's ghost's sting

Action                   |  1- 3 |  4- 6 || total
-------------------------+-------+-------++-------
Melee: Unarmed           |     5 |       ||     5
       Dagger            |    20 |     4 ||    24
 Cast: Sting             |    33 |     4 ||    37
       Mephitic Cloud    |     2 |     1 ||     3
       Olgreb's Toxic Ra |       |     1 ||     1
 Stab: Sleeping          |     1 |       ||     1
       Distracted        |       |     1 ||     1
